 Dungeon Crawl Stone Soup version 0.19-a0-1260-gc94d3f7 (webtiles) character file.

4123 mrath the Thaumaturge (level 10, -8/56 HPs)
             Began as a Gargoyle Earth Elementalist on Aug 26, 2016.
             Was a Believer of Vehumet.
             Mangled by a yak (9 damage)
             ... on level 8 of the Dungeon on Aug 28, 2016.
             The game lasted 01:17:03 (12884 turns).

mrath the Thaumaturge (GrEE)                       Turns: 12884, Time: 01:17:04

Health: -8/56      AC: 18    Str: 13    XL:     10   Next: 27%
Magic:  21/22      EV: 13    Int: 20    God:    Vehumet [**....]
Gold:   152        SH:  0    Dex: 10    Spells: 6 memorised, 10 levels left

rFire  . . .     SeeInvis .     c - +0 quarterstaff (protect)
rCold  . . .     Gourm    .     Q - +2 robe {MR+}
rNeg   + . .     Faith    .     (shield currently unavailable)
rPois  ∞         Spirit   .     (helmet restricted)
rElec  +         Dismiss  .     B - +0 cloak
rCorr  .         Reflect  .     k - +0 pair of gloves
MR     +....     Harm     .     (no boots)
Stlth  ++........               (no amulet)
                                (no ring)
                                (no ring)

@: about to teleport
A: horns 1, negative energy resistance 1, electricity resistance, strong 1,
unbreathing, petrification resistance, rot immunity, AC +7
a: Renounce Religion


You were on level 8 of the Dungeon.
You worshipped Vehumet.
Vehumet was pleased with you.
You were not hungry.

You visited 2 branches of the dungeon, and saw 10 of its levels.

You collected 482 gold pieces.
You spent 330 gold pieces at shops.

Inventory:

Hand Weapons
 c - a +0 quarterstaff of protection (weapon)
 z - a +1 rapier of holy wrath
 P - a +2 whip of flaming
Missiles
 b - 165 stones
 o - 15 poisoned needles
 N - 3 silver tomahawks (quivered)
Armour
 k - a +0 pair of gloves (worn)
 B - a +0 cloak (worn)
 Q - a +2 robe of magic resistance (worn)
Magical Staves
 r - an uncursed staff of power
Jewellery
 n - an uncursed ring of ice
Wands
 h - a wand of enslavement (8/24)
 J - a wand of flame (43/48)
 S - a wand of flame (36/48)
Scrolls
 e - a scroll of enchant armour {unknown}
 f - 3 scrolls of identify
 g - 2 scrolls of fog {unknown}
 j - 2 scrolls of remove curse
 l - a scroll of immolation {unknown}
 t - a scroll of fear
 x - a scroll of teleportation
 y - 3 scrolls of amnesia {unknown}
 H - a scroll of random uselessness {unknown}
 M - a scroll of enchant weapon {unknown}
 U - 2 scrolls of magic mapping
Potions
 a - a potion of cancellation {unknown}
 m - 2 potions of might
 p - 2 potions of brilliance
 q - 5 potions of curing
 s - 4 potions of flight
 u - 2 potions of cure mutation {unknown}
 w - 2 potions of lignification {unknown}
 E - 2 potions of ambrosia {unknown}
 F - a potion of heal wounds {unknown}
 K - 2 potions of degeneration {unknown}
Books
 i - a book of Conjurations

   Spells                             Type                      Level
   a - Magic Dart                     Conjuration                  1
   b - Searing Ray                    Conjuration                  2
   c - Dazzling Spray                 Conjuration/Hexes            3
   d - Fulminant Prism                Conjuration/Hexes            4
   e - Iskenderun's Mystic Blast      Conjuration                  4
   f - Iskenderun's Battlesphere      Conjuration/Charms           5
Comestibles
 d - 6 bread rations
 v - 6 chunks of flesh
 T - 2 beef jerkies


   Skills:
 + Level 4.1 Fighting
 + Level 4.1 Armour
 + Level 3.7 Dodging
 - Level 2.1 Stealth
 * Level 8.4 Spellcasting
 + Level 6.1 Conjurations
   Level 0.7 Transmutations
 + Level 8.1 Earth Magic
 + Level 3.1 Evocations


You had 10 spell levels left.
You knew the following spells:

 Your Spells              Type           Power        Failure   Level  Hunger
a - Sandblast             Erth           #####.       1%          1    None
b - Stone Arrow           Conj/Erth      #####.       1%          3    None
c - Lee's Rapid Deconstr  Erth           #####.....   10%         5    #####..
d - Magic Dart            Conj           ####         1%          1    None
e - Searing Ray           Conj           ####..       1%          2    None
f - Dazzling Spray        Conj/Hex       ###...       10%         3    None


Dungeon Overview and Level Annotations

Branches:
Dungeon (9/15)             Temple (1/1) D:4
   Lair: D:8-11         Orc: D:9-12

Altars:
Ashenzari
Cheibriados
Dithmenos
Elyvilon
Fedhas
Gozag
Hepliaklqana
Kikubaaqudgha
Makhleb
Nemelex Xobeh
Okawaru
Qazlal
Ru
Sif Muna
Trog
Uskayaw
Vehumet
Xom
Yredelemnul
Zin
The Shining One

Shops:
D:8 :


Innate Abilities, Weirdness & Mutations

You are resistant to torment.
Your stone body is resilient. (AC +7)
You are immune to poison.
You resist negative energy. (rN+)
You are resistant to electric shocks. (rElec)
You can survive without breathing.
You are immune to petrification.
You are immune to rotting.
You have a pair of small horns on your head.
Your muscles are strong. (Str +2)


Message History

The yak is heavily wounded.
The yak closely misses you. The yak gores you!
The searing ray misses the yak.
The yak gores you! The yak closely misses you.
The searing ray hits the yak.
The yak is severely wounded.
The yak misses you. The yak gores you but does no damage.
The searing ray hits the yak.
You kill the yak!
Vehumet accepts your kill.
You feel your power returning.
You finish channeling your searing ray.
As you read the scroll of teleportation, it crumbles to dust.
You feel strangely unstable. The yak gores you!
* * * LOW HITPOINT WARNING * * *
The yak gores you!
* * * LOW HITPOINT WARNING * * *
Wield which item (- for none, * to show all)? (? for menu, Esc to quit)
You feel your magic capacity decrease.
You feel protected!
c - a +0 quarterstaff of protection (weapon)
The yak gores you!
You die...

##.# #...##.....# #.##.#.# #.
.#.# #...###....#####.##.#.#
#. .#.#
#...###.............#.# #.
.#.#####..........#.###.##.#.#
#.
.#...........).......##.##.#.#
#.
......####...##.........##.#.#
#. .##...#
#...##.Y#...#####.#.# #.
.##...# #...###Y#...#####.#.#
#. .##...# #...#
#@Y...........# #. .######
#########...#####.#.###. .#
#####....)))...#####.#..... .#
#...#.######.#........####. .#
#...#.# #.#............. .#
#...#.# #.#.####.#.#####
.########.#.# #.#.# #.#.#...(
.##.......#.# #.#.# #.#.#.###
###.#####.#.# #.#.# #.#.#.# #


You could see 3 yaks.

Vanquished Creatures
  Pikel (D:6)
  Joseph (D:7)
  3 yaks
  Eustachio (D:3)
  2 ice beasts
  3 orc warriors
  2 necrophages
  7 ogres
  A centaur (D:8)
  Blork the orc (D:4)
  A giant frog (D:7)
  A water moccasin zombie (D:5)
  2 scorpions
  7 crimson imps
  A giant frog zombie (D:8)
  6 orc wizards
  A hound (D:4)
  5 orc priests
  A gnoll shaman (D:4)
  2 centaur skeletons
  An iguana (D:4)
  7 worker ants
  A hound skeleton (D:8)
  7 gnolls (D:4)
  6 adders
  3 shadow imps
  An ooze (D:5)
  An adder zombie (D:5)
  2 worms (D:4)
  A dart slug (D:4)
  4 giant geckos
  23 orcs
  7 giant cockroaches
  9 goblins
  9 hobgoblins
  7 jackals
  7 kobolds
  6 quokkas
  A ball python (D:1)
  9 bats
  4 giant newts
  A jackal skeleton (D:5)
  10 rats
176 creatures vanquished.

Notes
Turn   | Place    | Note
-------+----------+-------------------------------------------
     0 | D:1      | mrath the Gargoyle Earth Elementalist began the quest for the Orb.
     0 | D:1      | Reached XP level 1. HP: 10/10 MP: 3/3
   261 | D:1      | Reached XP level 2. HP: 15/15 MP: 3/5
  1025 | D:1      | Reached XP level 3. HP: 19/19 MP: 5/7
  1161 | D:1      | Learned a level 3 spell: Stone Arrow
  2443 | D:3      | Reached XP level 4. HP: 23/24 MP: 4/8
  2508 | D:3      | Found a sacrificial altar of Ru.
  2919 | D:3      | Reached skill level 1 in Conjurations
  3194 | D:3      | Reached XP level 5. HP: 26/28 MP: 3/10
  3830 | D:3      | Reached skill level 5 in Earth Magic
  4152 | D:3      | Reached XP level 6. HP: 19/32 MP: 0/12
  4950 | D:4      | Found a staircase to the Ecumenical Temple.
  4955 | Temple   | Entered the Ecumenical Temple
  5121 | Temple   | Became a worshipper of Vehumet
  5148 | D:4      | Reached skill level 5 in Spellcasting
  5346 | D:3      | Reached XP level 7. HP: 33/36 MP: 5/14
  5411 | D:3      | Learned a level 5 spell: Lee's Rapid Deconstruction
  5570 | D:4      | Noticed Blork the orc
  6182 | D:4      | Noticed Eustachio
  6207 | D:3      | Killed Eustachio
  6548 | D:4      | Reached XP level 8. HP: 41/41 MP: 10/17
  7215 | D:4      | Reached * piety under Vehumet
  7215 | D:4      | Offered knowledge of Freeze by Vehumet.
  7370 | D:4      | Killed Blork the orc
  7370 | D:4      | Reached skill level 1 in Armour
  7433 | D:5      | Entered Level 5 of the Dungeon
  7575 | D:5      | Reached skill level 1 in Evocations
  7746 | D:5      | Reached skill level 1 in Fighting
  9142 | D:5      | Reached skill level 5 in Conjurations
  9142 | D:5      | Reached XP level 9. HP: 48/48 MP: 9/19
  9372 | D:6      | Noticed Pikel
  9384 | D:6      | Killed Pikel
  9988 | D:6      | Upgraded the game from 0.19-a0-1238-gee6bd96 to 0.19-a0-1260-gc94d3f7
 10099 | Temple   | Gained mutation: Your muscles are strong. (Str +2) [potion of beneficial mutation]
 10100 | Temple   | Gained mutation: You have a pair of small horns on your head. [potion of beneficial mutation]
 10201 | D:7      | Noticed Joseph
 10866 | D:7      | Found an opulent altar of Gozag.
 11101 | D:7      | Killed Joseph
 11458 | D:7      | Reached ** piety under Vehumet
 11465 | D:7      | Offered knowledge of Magic Dart by Vehumet.
 11533 | D:7      | Learned a level 1 spell: Magic Dart
 12052 | D:8      | Reached XP level 10. HP: 37/56 MP: 10/22
 12518 | D:8      | Found Cextyste's Book Boutique.
 12522 | D:8      | Bought a book of Conjurations for 330 gold pieces
 12525 | D:8      | Learned a level 2 spell: Searing Ray
 12529 | D:8      | Learned a level 3 spell: Dazzling Spray
 12883 | D:8      | HP: 1/56 [yak (9)]
 12884 | D:8      | Mangled by a yak

Vault maps used:
D:1:      dpeg_arrival_three_smaller_balls, corner_web_ring, minmay_pentomino_u2
D:2:      first_bread
D:3:      roderic_lattice_a, nicolae_ru_path_of_blood
D:4:      minmay_diamond_boxcup, uniq_blork_the_orc, uniq_eustachio
D:5:      kennysheep_generic_room_4
D:6:      serial_corexii_hall, corexii_hall_statues_i, corexii_hall_statues_l,
          corexii_hall_statues_x, uniq_pikel
D:7:      nicolae_gozag_cash_rules_everything_around_me, uniq_joseph
D:8:      serial_shops, shop
Temple:   roderic_octagonal_lattice_temple

Skill      XL: |  1  2  3  4  5  6  7  8  9 10 |
---------------+-------------------------------+-----
Earth Magic    | 4 5 6 7 8 |  8.1
Spellcasting   | 3 4 5 6 7 8 |  8.4
Conjurations   | 1 2 3 4 5 6 |  6.1
Armour         | 2 3 4 |  4.1
Dodging        | 2 3 |  3.7
Evocations     | 1 2 3 |  3.1
Fighting       | 1 3 4 |  4.1
Stealth        | |  2.1
Transmutations | |  0.7

Action                   |  1- 3 |  4- 6 |  7- 9 | 10-12 || total
-------------------------+-------+-------+-------+-------++-------
Melee: Dagger            |    20 |    36 |       |       ||    56
       Hand axe          |     2 |       |       |       ||     2
       Whip              |       |    18 |    66 |       ||    84
       Quarterstaff      |       |       |    11 |       ||    11
       Headbutt          |       |       |     7 |     2 ||     9
       Staff             |       |       |       |    13 ||    13
 Cast: Sandblast         |    79 |    73 |    59 |       ||   211
       Stone Arrow       |     2 |    15 |   124 |     8 ||   149
       Lee's Rapid Decon |       |       |     4 |       ||     4
       Searing Ray       |       |       |       |     8 ||     8
  Use: Scroll            |       |       |    11 |     1 ||    12
       Potion            |       |       |     2 |       ||     2
 Stab: Sleeping          |     1 |     2 |       |       ||     3
  Eat: Chunk             |     5 |    10 |    18 |     4 ||    37
       Fruit             |       |       |     3 |       ||     3
       Pizza             |       |       |     1 |       ||     1
       Beef jerky        |       |       |     1 |       ||     1
Armor: Robe              |    23 |    41 |    63 |    17 ||   144
Dodge: Dodged            |    48 |    56 |   104 |    29 ||   237
